 Dungeon Sprint DCSS version 0.29-a0-613-gf2c431b9b9 (webtiles) character file.

Game seed: 18220367652069092890

2237 mhtbhm the Summoner (level 9, -8/42 HPs)
             Began as a Vine Stalker Summoner on June 16, 2022.
             Was an Initiate of Gozag.
             Shot with an arrow by a centaur warrior (18 damage)
             ... in the Dungeon (Sprint I: "Red Sonja").
             The game lasted 00:06:17 (1127 turns).

mhtbhm the Summoner (Vine Stalker Summoner)         Turns: 1127, Time: 00:06:18

Health: -8/42      AC:  3    Str: 10    XL:     9   Next: 36%
Magic:  0/26       EV: 12    Int: 19    God:    Gozag
Gold:   1249       SH:  0    Dex: 16    Spells: 19/32 levels left

rFire   . . .      SeeInvis .   h - +2 short sword (venom)
rCold   . . .      Faith    .   (no shield)
rNeg    . . .      Spirit   +   a - +0 leather armour
rPois   .          Reflect  .   (no helmet)
rElec   .          Harm     .   (no cloak)
rCorr   .          Rampage  .   (no gloves)
Will    +....      NoTele   +   (no boots)
Stlth   +++.......              (no amulet)
HPRegen 0.94/turn               (no ring)
MPRegen 0.20/turn               (no ring)

@: no status effects
A: fangs 3, regeneration 1, magic shield, antimagic bite, no potion heal 2
a: Renounce Religion, Potion Petition, Call Merchant, Bribe Branch


You were in the Dungeon.
You worshipped Gozag.
Gozag was most pleased with you.
You visited 1 branch You collected 1249 gold pieces.

Inventory:

Hand Weapons
 h - a +2 short sword of venom (weapon)
Missiles
 g - 5 curare-tipped darts (quivered)
Armour
 a - a +0 leather armour (worn)
Jewellery
 k - a ring of ice
Scrolls
 e - a scroll of vulnerability {unknown}
 i - a scroll of summoning {unknown}
 m - a scroll of brand weapon {unknown}
Potions
 b - a potion of magic
 c - 3 potions of curing
 d - a potion of haste
 j - a potion of lignification {unknown}
 l - a potion of attraction {unknown}


   Skills:
 + Level 2.0 Fighting
 + Level 1.7 Throwing
 + Level 3.9 Armour
 + Level 3.0 Dodging
 + Level 4.6 Stealth
 + Level 2.1 Unarmed Combat
 + Level 12.1 Spellcasting
 + Level 3.6 Hexes
 + Level 14.3 Summonings
 + Level 4.7 Air Magic
 + Level 1.1 Evocations


You had 19 spell levels left.
You knew the following spells:

 Your Spells              Type           Power      Damage    Failure   Level
a - Summon Small Mammal   Summ           100%       N/A       1%          1
b - Call Imp              Summ           60%        N/A       1%          2
c - Call Canine Familiar  Summ           60%        N/A       1%          3
d - Summon Guardian Gole  Hex/Summ       45%        N/A       1%          3
e - Summon Lightning Spi  Summ/Air       47%        N/A       1%          4

Your spell library contained the following spells:

 Spells                   Type           Power      Damage    Failure   Level


Dungeon Overview and Level Annotations

Branches:
Dungeon (1/1)

Altars:
Cheibriados
Dithmenos
Elyvilon
Fedhas
Gozag
Hepliaklqana
Kikubaaqudgha
Makhleb
Nemelex Xobeh
Okawaru
Qazlal
Ru
Sif Muna
Trog
Uskayaw
Vehumet
Wu Jian
Xom
Yredelemnul
Zin
The Shining One
Jiyva
Lugonu

Shops:
D =*[


Innate Abilities, Weirdness & Mutations

You have razor-sharp teeth.
Your natural rate of healing is unusually fast.
When hurt, damage is shared between your health and your magic reserves.
Your bite disrupts and absorbs the magic of your enemies.
Potions cannot restore your health.


Message History

Your warg's corpse disappears in a puff of smoke!
Unknown command.
Unknown command.
Casting: Call Canine Familiar (safe; 1% risk of failure)
Confirm with . or Enter, or press ? or * to list all spells.
You don't have enough magic to cast this spell.
Unknown command.
Unknown command.
Casting: Call Canine Familiar (safe; 1% risk of failure)
Confirm with . or Enter, or press ? or * to list all spells.
Okay, then.
You aren't carrying any items that you can evoke.
Unknown command.
Press: ? - help, v - describe, . - travel
Here: a centaur warrior, wielding a +0 longbow An open door.
Unknown command.
Blink to where?
Press: ? - help, Dir - move target, p - centaur warrior
As you read the scroll of blinking, it crumbles to dust.
Magic courses through your body. Something hits your guardian golem!
Something kicks your guardian golem but does no damage.
Casting: Call Canine Familiar (safe; 1% risk of failure)
Confirm with . or Enter, or press ? or * to list all spells.
An electric hum fills the air.
The centaur warrior wields a +0 longbow.
The centaur warrior shoots an arrow.
The arrow hits your guardian golem!
Your guardian golem is destroyed!
Your guardian golem disappears in a puff of smoke!
The centaur warrior shoots an arrow.
The arrow closely misses you.
Casting: Summon Lightning Spire (dangerous; 1% risk of failure)
Confirm with . or Enter, or press ? or * to list all spells.
A guardian golem appears, shielding your allies.
The centaur warrior shoots an arrow.
The arrow hits you!
Unknown command.
The centaur warrior shoots an arrow.
The arrow hits you!
* * * LOW HITPOINT WARNING * * *
The centaur warrior shoots an arrow.
The arrow hits you!!
You die...
Your body crumbles into a pile of gold.

#..####..#...#)####!:#####
#..#__####..##.#≈§≈§.#$$
#..#_____##'#_.+≈≈§c§+
#⌠⌠#_.∩...'..._#8c≈c.#$$
####_..__##_.#'##c####
$$#_____###'#.#).§.### $
############.####c###)## $
#∩........'89.'§.§..'.∩#
###++++####@..########## $
###.### #.#'#.# $ #.....#
#.....# ####### $ $ $ $


You could see a centaur warrior, a friendly guardian golem (summoned) and a
friendly lightning spire (summoned, sheltered).

Vanquished Creatures
  A deep troll (D)
1 creature vanquished.

Vanquished Creatures (collateral kills)
  2 kobold demonologists (D)
  A slime creature (D)
  Sigmund (D)
  A yak (D)
  A floating eye (D)
  An ogre (D)
  A nameless horror (D)
  A jelly (D)
  Ijyb (D)
  A ballistomycete spore (D)
11 creatures vanquished.

Vanquished Creatures (others)
  Sonja (D)
  A ballistomycete spore (D)
2 creatures vanquished.

Grand Total: 14 creatures vanquished

Notes
Turn   | Place    | Note
-------+----------+-------------------------------------------
     0 | D        | mhtbhm the Vine Stalker Summoner began the quest for the
                  | Orb.
     0 | D        | Reached XP level 1. HP: 9/9 MP: 4/4
     4 | D        | Noticed Ijyb
    12 | D        | Killed Ijyb
    13 | D        | Reached skill level 6 in Summonings
    13 | D        | Reached XP level 2. HP: 13/13 MP: 4/6
    13 | D        | Reached XP level 3. HP: 16/16 MP: 5/8
    92 | D        | Learned a level 2 spell: Call Imp
    96 | D        | Learned a level 3 spell: Call Canine Familiar
   115 | D        | Noticed an ogre
   126 | D        | Killed an ogre
   127 | D        | Reached skill level 8 in Summonings
   127 | D        | Gained mutation: Your natural rate of healing is unusually
                  | fast. [Vine Stalker growth]
   127 | D        | Reached XP level 4. HP: 21/21 MP: 0/11
   227 | D        | Learned a level 3 spell: Summon Guardian Golem
   332 | D        | Noticed Sigmund
   347 | D        | Killed Sigmund
   348 | D        | Reached skill level 1 in Unarmed Combat
   348 | D        | Reached skill level 10 in Summonings
   348 | D        | Reached XP level 5. HP: 20/25 MP: 2/14
   348 | D        | Reached XP level 6. HP: 24/29 MP: 2/16
   456 | D        | Learned a level 4 spell: Summon Lightning Spire
   456 | D        | Found an ornate altar of the Wu Jian Council.
   456 | D        | Found a shimmering blue altar of Sif Muna.
   458 | D        | Found a radiant altar of Vehumet.
   463 | D        | Reached skill level 11 in Summonings
   547 | D        | Found Quageat's General Store.
   547 | D        | Found an ancient bone altar of Kikubaaqudgha.
   547 | D        | Found a hazy altar of Hepliaklqana.
   547 | D        | Found a stormy altar of Qazlal.
   547 | D        | Found a hide-covered altar of Uskayaw.
   547 | D        | Found a blossoming altar of Fedhas.
   547 | D        | Found a bloodstained altar of Trog.
   547 | D        | Found an iron altar of Okawaru.
   547 | D        | Found a basalt altar of Yredelemnul.
   547 | D        | Found a glowing golden altar of the Shining One.
   547 | D        | Found a snail-covered altar of Cheibriados.
   547 | D        | Found a sacrificial altar of Ru.
   547 | D        | Found a glowing silver altar of Zin.
   547 | D        | Found a shadowy altar of Dithmenos.
   547 | D        | Found a white marble altar of Elyvilon.
   547 | D        | Noticed a yak
   550 | D        | Killed a yak
   551 | D        | Reached skill level 1 in Fighting
   551 | D        | Reached skill level 1 in Armour
   551 | D        | Reached skill level 1 in Hexes
   551 | D        | Reached XP level 7. HP: 33/33 MP: 10/19
   553 | D        | Noticed Sonja
   554 | D        | Noticed a nameless horror
   560 | D        | Killed a nameless horror
   571 | D        | Killed Sonja
   572 | D        | Reached skill level 10 in Spellcasting
   572 | D        | Reached skill level 13 in Summonings
   572 | D        | Gained mutation: You have razor-sharp teeth. [Vine Stalker
                  | growth]
   572 | D        | Reached XP level 8. HP: 37/37 MP: 8/23
   677 | D        | Found Ucze's Jewellery Boutique.
   703 | D        | Found an opulent altar of Gozag.
   704 | D        | Found a sparkling altar of Nemelex Xobeh.
   713 | D        | Became a worshipper of Gozag Ym Sagoz the Greedy
   804 | D        | Noticed a deep troll
   817 | D        | Killed a deep troll
   818 | D        | Reached skill level 1 in Throwing
   838 | D        | Found Zenowog's Armour Emporium.
   908 | D        | Found a burning altar of Makhleb.
   908 | D        | Found a viscous altar of Jiyva.
   908 | D        | Found a shimmering altar of Xom.
   908 | D        | Found a corrupted altar of Lugonu.
   908 | D        | Noticed a slime creature
   915 | D        | Killed a slime creature
   965 | D        | Noticed a kobold demonologist
   968 | D        | Reached XP level 9. HP: 42/42 MP: 18/25
   968 | D        | Noticed a sixfirhy
   980 | D        | Killed a kobold demonologist
   981 | D        | Reached skill level 14 in Summonings
   981 | D        | Reached skill level 1 in Evocations
   981 | D        | Noticed a kobold demonologist
   994 | D        | Killed a kobold demonologist
  1103 | D        | Noticed a centaur warrior
  1104 | D        | Noticed a centaur warrior
  1127 | D        | Shot with an arrow by a centaur warrior

Illustrated notes

Levels and vault maps discovered:
D:        dungeon_sprint_1 [red_sonja_temple_1, red_sonja_temple_small_1]

Skill      XL: |  1  2  3  4  5  6  7  8  9 |
---------------+----------------------------+-----
Dodging        | 2 3 |  3.0
Summonings     | 6 8 10 11 13 14 | 14.3
Stealth        | 3 4 |  4.6
Spellcasting   | 4 6 7 10 11 12 | 12.1
Unarmed Combat | 1 2 |  2.1
Fighting       | 1 2 |  2.0
Armour         | 1 2 3 |  3.9
Hexes          | 1 2 3 |  3.6
Air Magic      | 2 4 |  4.7
Throwing       | 1 |  1.7
Evocations     | 1 |  1.1

Action                   |  1- 3 |  4- 6 |  7- 9 || total
-------------------------+-------+-------+-------++-------
Melee: Unarmed           |     2 |       |       ||     2
       Bite              |     1 |       |       ||     1
Throw: Dart              |       |       |     4 ||     4
 Cast: Summon Small Mamm |     5 |     2 |     2 ||     9
       Call Imp          |     2 |     1 |     1 ||     4
       Call Canine Famil |     1 |     1 |     5 ||     7
       Summon Guardian G |       |     2 |     7 ||     9
       Summon Lightning  |       |     2 |     9 ||    11
Evoke: Wand              |       |       |     2 ||     2
  Use: Potion            |     1 |       |     2 ||     3
       Scroll            |       |       |     1 ||     1
Armor: Leather armour    |       |     2 |     1 ||     3
Dodge: Dodged            |     1 |     1 |     7 ||     9

Table legend: (Time is in decaauts)
 A = Elapsed time spent in this place.
 B = Non-inter-level travel time spent in this place.
 C = Inter-level travel time spent in this place.
 D = Time resting spent in this place.
 E = Time spent auto-exploring this place.
 F = Levels seen in this place.
 G = Mean time per level.
                   A        B        C        D        E       F      G
               +--------+--------+--------+--------+--------+-----+--------+
         Total |   1138 |   1138 |      0 |    604 |      0 |   1 | 1138.0 |
       Dungeon |   1138 |   1138 |      0 |    604 |      0 |   1 | 1138.0 |
               +--------+--------+--------+--------+--------+-----+--------+

Top non-repeatable levels by time:
       D: 1138 daAuts
